Map: Abyssal Reef LE

Players

Blodir - Winner!

  • Race: Zerg Zerg
  • League: Diamond
  • Spawn Location: 5:00

Galeforce

  • Race: Protoss Protoss
  • League: Diamond
  • Spawn Location: 11:00

VOD

Have the link to the VOD?

Description

Time

  • Played on: June 27, 2017, 12:54 a.m.
  • Length: 5:34
Show
View Real Time Build Order
Export as new Build Order

Blodir Zerg - Winner!

Build Orders: Hatch First 

Get SALT Encoding   

  12  0:01  Drone  
  13  0:14  Overlord  
  13  0:17  Drone  
  14  0:32  Drone x2  
  16  0:36  Drone  
  17  0:53  Hatchery  
  17  0:56  Extractor  
  15  0:57  Drone  
  15  1:00  Drone  
  17  1:15  Spawning Pool  
  16  1:20  Drone  
  16  1:22  Drone  
  18  1:29  Drone  
  19  1:41  Overlord  
  19  1:56  Drone  
  20  2:02  Metabolic Boost  
  20  2:03  Queen  
  20  2:04  Zergling x2  
  23  2:09  Queen  
  25  2:16  Zergling x2  
  25  2:18  Drone  
  25  2:20  Drone  
  28  2:32  Drone x2  
  30  2:39  Pneumatized Carapace  
  30  2:44  Queen  
  32  2:51  Evolution Chamber  
  32  2:56  Overlord  
  31  2:59  Zergling x6  
  31  3:04  Zergling x2  
  31  3:05  Zergling x2  
  36  3:22  Zergling x4  
  36  3:23  Zergling x8  
  42  3:32  Zergling x2  
  42  3:33  Zergling x2  
  44  3:34  Overlord  
  44  3:35  Overlord  
  44  3:54  Zergling x2  
  44  3:55  Zergling x12  
  51  3:57  Queen  
  51  4:00  Zergling x2  
  55  4:02  Zergling x2  
  52  4:21  Zergling x2  
  52  4:22  Zergling x10  
  51  4:42  Zergling x8  
  51  4:43  Queen  
  57  4:55  Hatchery  
  50  5:07  Zergling x2  
  50  5:08  Zergling x6  
Show
View Real Time Build Order
Export as new Build Order

Galeforce Protoss 

Build Orders: 1 Gate Expand 

Get SALT Encoding   

  12  0:01  Probe (Chrono Boost)  
  13  0:11  Probe (Chrono Boost)  
  14  0:20  Pylon  
  14  0:24  Probe (Chrono Boost)  
  15  0:38  Probe (Chrono Boost)  
  15  0:41  Gateway  
  16  0:49  Probe (Chrono Boost)  
  17  0:59  Probe (Chrono Boost)  
  18  1:17  Nexus  
  18  1:20  Probe (Chrono Boost)  
  19  1:31  Cybernetics Core  
  19  1:32  Probe (Chrono Boost)  
  20  1:38  Assimilator  
  20  1:43  Assimilator  
  20  1:45  Probe (Chrono Boost)  
  21  1:57  Gateway  
  21  2:06  Probe (Chrono Boost)  
  22  2:21  Pylon  
  22  2:28  Probe, Zealot (Chrono Boost)  
  25  2:45  Warp Gate (Chrono Boost)  
  25  2:46  Stalker  
  25  2:51  Probe x2  
  29  3:02  Pylon  
  29  3:03  Mothership Core, Stalker  
  29  3:05  Probe  
  34  3:17  Probe  
  35  3:22  Twilight Council  
  35  3:24  Probe, Stalker  
  38  3:33  Stalker  
  38  3:40  Probe x2  
  42  3:52  Probe x2, Robotics Facility  
  44  3:58  Assimilator  
  44  4:03  Stalker  
  44  4:04  Probe  
  44  4:07  Stalker  
  49  4:30  Stalker  
  51  4:48  Pylon  
  51  4:49  Assimilator  
  51  4:56  Immortal (Chrono Boost)  
  37  5:22  Stalker  
Tags
 
Add a new tag
Caveats
  • Supply blocks, unpowered buildings, or Contaminate may cause inaccurate times.
  • Supply counts are checked every 10 seconds.